A+ EAST
HUDSON VALLEY RENEGADES @ ABERDEEN IRONBIRDS
08/06/2041
 
TOP OF THE 1ST
Hudson Valley Renegades batting - Pitching for Aberdeen Ironbirds : LHP Buddy Whaley
Pitching: LHP Buddy Whaley
Batting: RHB Luis Romero 0-0: Ball
1-0: SINGLE (Line Drive, 7S, EV 102.5 MPH)
Batting: RHB Juan Flores 0-0: Ball
Luis Romero is caught stealing 2nd base 2-4
1-0: SINGLE (Line Drive, 9S, EV 108.8 MPH)
Batting: RHB Donnie McIlzegowie 0-0: Swinging Strike
0-1: Grounds into double play, 5-4-3 (Groundball, 56, EV 87.5 MPH)
Top of the 1st over - 0 runs, 2 hits, 0 errors, 0 left on base; Hudson Valley 0 - Aberdeen 0
BOTTOM OF THE 1ST
Aberdeen Ironbirds batting - Pitching for Hudson Valley Renegades : RHP Alan Watkins
Pitching: RHP Alan Watkins
Batting: SHB Wilson Medina 0-0: SINGLE (Groundball, 34D, EV 110.0 MPH)
Batting: RHB Raúl Quintero 0-0: Grounds into double play, 6-4-3 (Groundball, 6MD, EV 96.9 MPH)
Batting: RHB Julius Green 0-0: Ball
1-0: Called Strike
1-1: Foul Ball, location: 5SF
1-2: Ball
2-2: Foul Ball, location: 5F
2-2: SINGLE (Line Drive, 89S, EV 91.9 MPH)
Batting: RHB Ken Lynn 0-0: Foul Ball, location: 2F
0-1: Called Strike
0-2: Foul Ball, location: 9LMF
0-2: Ball
1-2: Strikes out swinging
Bottom of the 1st over - 0 runs, 2 hits, 0 errors, 1 left on base; Hudson Valley 0 - Aberdeen 0
TOP OF THE 2ND
Hudson Valley Renegades batting - Pitching for Aberdeen Ironbirds : LHP Buddy Whaley
Batting: RHB Gunder Lundgaard 0-0: Ball
1-0: Ball
2-0: Foul Ball, location: 7LSF
2-1: Ball
3-1: Base on Balls
Batting: RHB Steve McAllister 0-0: Called Strike
0-1: Ball
1-1: Foul Ball, location: 2F
1-2: Strikes out swinging
Batting: RHB Steve Blankenship 0-0: Ball
1-0: Fly out, F6 (Popup, 6D, EV 59.4 MPH)
Batting: SHB Eric Powell 0-0: Foul Ball, location: 23F
0-1: Called Strike
0-2: Strikes out swinging
Top of the 2nd over - 0 runs, 0 hits, 0 errors, 1 left on base; Hudson Valley 0 - Aberdeen 0
BOTTOM OF THE 2ND
Aberdeen Ironbirds batting - Pitching for Hudson Valley Renegades : RHP Alan Watkins
Batting: LHB Danny Bentley 0-0: Called Strike
0-1: Called Strike
0-2: Ball
1-2: Ball
2-2: Ball
3-2: Base on Balls
Batting: RHB Terrence Steele 0-0: Swinging Strike
Danny Bentley is caught stealing 2nd base 2-4
0-1: SINGLE (Groundball, 4MD, EV 96.3 MPH)
Batting: RHB José Moreno 0-0: Ball
1-0: Called Strike
1-1: Ball
2-1: Foul Ball, location: 5FF
2-2: Foul Ball, location: 2F
2-2: Strikes out swinging
Batting: RHB José Tavárez 0-0: Called Strike
0-1: Swinging Strike
0-2: Fielders Choice at 2nd, 6-4 (Groundball, 6, EV 105.6 MPH)
Bottom of the 2nd over - 0 runs, 1 hit, 0 errors, 1 left on base; Hudson Valley 0 - Aberdeen 0
TOP OF THE 3RD
Hudson Valley Renegades batting - Pitching for Aberdeen Ironbirds : LHP Buddy Whaley
Batting: RHB Tommy Lott 0-0: Ball
1-0: Ball
2-0: Called Strike
2-1: Ground out 1-3 (Groundball, 13S, EV 67.5 MPH)
Batting: LHB Alex Mata 0-0: Swinging Strike
0-1: Ground out 6-3 (Groundball, 6M, EV 83.1 MPH)
Batting: RHB Luis Romero 0-0: Ball
1-0: Ball
2-0: Swinging Strike
2-1: Called Strike
2-2: Foul Ball, location: 2F
2-2: Ball
3-2: Strikes out looking
Top of the 3rd over - 0 runs, 0 hits, 0 errors, 0 left on base; Hudson Valley 0 - Aberdeen 0
BOTTOM OF THE 3RD
Aberdeen Ironbirds batting - Pitching for Hudson Valley Renegades : RHP Alan Watkins
Batting: RHB Whit Blake 0-0: Ball
1-0: Called Strike
1-1: Ground out 6-3 (Groundball, 6M, EV 91.9 MPH)
Batting: SHB Wilson Medina 0-0: Ball
1-0: Called Strike
1-1: Called Strike
1-2: Ball
2-2: Ground out 4-3 (Groundball, 34D, EV 88.8 MPH)
Batting: RHB Raúl Quintero 0-0: Called Strike
0-1: Foul Ball, location: 23F
0-2: Strikes out swinging
Bottom of the 3rd over - 0 runs, 0 hits, 0 errors, 0 left on base; Hudson Valley 0 - Aberdeen 0
TOP OF THE 4TH
Hudson Valley Renegades batting - Pitching for Aberdeen Ironbirds : LHP Buddy Whaley
Batting: RHB Juan Flores 0-0: Called Strike
0-1: Called Strike
0-2: Foul Ball, location: 3F
0-2: Ball
1-2: Ball
2-2: Foul Ball, location: 2F
2-2: Ball
3-2: Foul Ball, location: 2F
3-2: Base on Balls
Batting: RHB Donnie McIlzegowie 0-0: Called Strike
0-1: Called Strike
0-2: Ball
1-2: SINGLE (Line Drive, 56D, EV 97.5 MPH)
Juan Flores to second
Batting: RHB Gunder Lundgaard 0-0: Ball
1-0: Swinging Strike
1-1: Foul Ball, location: 2F
1-2: Foul Ball, location: 2F
1-2: Ball
2-2: SINGLE (Line Drive, 56D, EV 107.5 MPH)
Juan Flores to third
Donnie McIlzegowie to second
Runner from 3rd tries for Home, throw by LF and OUT! 7-2
Batting: RHB Steve McAllister 0-0: Ball
1-0: Called Strike
1-1: Foul Ball, location: 5F
1-2: Strikes out swinging
Batting: RHB Steve Blankenship 0-0: Fly out, F3 (Popup, 23F, EV 75.0 MPH)
Top of the 4th over - 0 runs, 2 hits, 0 errors, 2 left on base; Hudson Valley 0 - Aberdeen 0
BOTTOM OF THE 4TH
Aberdeen Ironbirds batting - Pitching for Hudson Valley Renegades : RHP Alan Watkins
Batting: RHB Julius Green 0-0: Called Strike
0-1: Called Strike
0-2: Strikes out swinging
Batting: RHB Ken Lynn 0-0: Called Strike
0-1: SINGLE (Groundball, 3S, EV 70.0 MPH) (infield hit)
Batting: LHB Danny Bentley 0-0: Called Strike
Ken Lynn steals 2nd base
0-1: Called Strike
0-2: Foul Ball, location: 3SF
0-2: Foul Ball, location: 7LDF
0-2: Strikes out looking
Batting: RHB Terrence Steele 0-0: Called Strike
0-1: Foul Ball, location: 2F
0-2: Strikes out swinging
Bottom of the 4th over - 0 runs, 1 hit, 0 errors, 1 left on base; Hudson Valley 0 - Aberdeen 0
TOP OF THE 5TH
Hudson Valley Renegades batting - Pitching for Aberdeen Ironbirds : LHP Buddy Whaley
Batting: SHB Eric Powell 0-0: Ball
1-0: Ball
2-0: Fly out, F7 (Flyball, 78D, EV 85.0 MPH)
Batting: RHB Tommy Lott 0-0: Ball
1-0: Foul Ball, location: 2F
1-1: Ball
2-1: Ball
3-1: Called Strike
3-2: Foul Ball, location: 2F
3-2: Fly out, F9 (Flyball, 89M, EV 84.4 MPH)
Batting: LHB Alex Mata 0-0: Ground out 1-3 (Groundball, 15S, EV 70.6 MPH)
Top of the 5th over - 0 runs, 0 hits, 0 errors, 0 left on base; Hudson Valley 0 - Aberdeen 0
BOTTOM OF THE 5TH
Aberdeen Ironbirds batting - Pitching for Hudson Valley Renegades : RHP Alan Watkins
Batting: RHB José Moreno 0-0: Ball
1-0: Ground out U3 (Groundball, 34S, EV 84.4 MPH)
Batting: RHB José Tavárez 0-0: Called Strike
0-1: Ball
1-1: Ball
2-1: Called Strike
2-2: Strikes out looking
Batting: RHB Whit Blake 0-0: Called Strike
0-1: Ball
1-1: Ball
2-1: Foul Ball, location: 2F
2-2: Ground out 6-3 (Groundball, 6M, EV 109.4 MPH)
Bottom of the 5th over - 0 runs, 0 hits, 0 errors, 0 left on base; Hudson Valley 0 - Aberdeen 0
TOP OF THE 6TH
Hudson Valley Renegades batting - Pitching for Aberdeen Ironbirds : LHP Buddy Whaley
Batting: RHB Luis Romero 0-0: Called Strike
0-1: Ball
1-1: Foul Ball, location: 2F
1-2: Ball
2-2: Ground out 5-3 (Groundball, 56, EV 106.3 MPH)
Batting: RHB Juan Flores 0-0: Ball
1-0: Ball
2-0: Ball
3-0: Base on Balls
Batting: RHB Donnie McIlzegowie 0-0: Ball
1-0: Ball
2-0: Ball
3-0: Base on Balls
Juan Flores to second
Batting: RHB Gunder Lundgaard 0-0: Foul Ball, location: 2F
0-1: Ball
1-1: Swinging Strike
1-2: Strikes out looking
Batting: RHB Steve McAllister 0-0: Ball
1-0: Called Strike
1-1: Ball
2-1: Called Strike
2-2: Foul Ball, location: 9LSF
2-2: Strikes out swinging
Top of the 6th over - 0 runs, 0 hits, 0 errors, 2 left on base; Hudson Valley 0 - Aberdeen 0
BOTTOM OF THE 6TH
Aberdeen Ironbirds batting - Pitching for Hudson Valley Renegades : RHP Alan Watkins
Batting: SHB Wilson Medina 0-0: Called Strike
0-1: Swinging Strike
0-2: SINGLE (Line Drive, 5D, EV 103.1 MPH)
Batting: RHB Raúl Quintero 0-0: Ball
Wilson Medina steals 2nd base
1-0: Foul Ball, location: 2F
1-1: Called Strike
1-2: Foul Ball, location: 2F
1-2: Foul Ball, location: 2F
1-2: Ball
2-2: Foul Ball, location: 5DF
2-2: Foul Ball, location: 2F
2-2: Ball
3-2: Ground out 2-3 (Groundball, 15S, EV 67.5 MPH)
Wilson Medina to third
Batting: RHB Julius Green 0-0: Intentional Walk
Batting: RHB Ken Lynn 0-0: Ball
1-0: DOUBLE (Line Drive, 7LM, EV 110.0 MPH)
Wilson Medina scores
Julius Green to third
Runner from 3rd tries for Home, SAFE, no throw by LF
Batting: LHB Danny Bentley 0-0: Intentional Walk
Batting: RHB Terrence Steele 0-0: Fly out, F9 (Line Drive, 9S, EV 90.6 MPH)
Batting: RHB José Moreno 0-0: Ball
1-0: 3-RUN HOME RUN (Flyball, 9LD, EV 97.5 MPH), Distance : 358 ft
Batting: RHB José Tavárez 0-0: Ball
1-0: Ball
2-0: Fly out, F8 (Flyball, 8RM, EV 95.6 MPH)
Bottom of the 6th over - 5 runs, 3 hits, 0 errors, 0 left on base; Hudson Valley 0 - Aberdeen 5
TOP OF THE 7TH
Hudson Valley Renegades batting - Pitching for Aberdeen Ironbirds : LHP Buddy Whaley
Batting: RHB Steve Blankenship 0-0: Ball
1-0: Ball
2-0: SINGLE (Groundball, P, EV 86.3 MPH) (infield hit)
Batting: SHB Eric Powell 0-0: Called Strike
0-1: Fly out, F6 (Popup, 6, EV 68.8 MPH)
Batting: RHB Tommy Lott 0-0: Ball
1-0: Foul Ball, location: 2F
1-1: Swinging Strike
1-2: Ball
2-2: Ball
3-2: Base on Balls
Steve Blankenship to second
Pitching: RHP Esteban Chacatas
Batting: LHB Alex Mata 0-0: Called Strike
0-1: Grounds into double play, 4-6-3 (Groundball, 4, EV 89.4 MPH)
Top of the 7th over - 0 runs, 1 hit, 0 errors, 1 left on base; Hudson Valley 0 - Aberdeen 5
BOTTOM OF THE 7TH
Aberdeen Ironbirds batting - Pitching for Hudson Valley Renegades : RHP Alan Watkins
Batting: RHB Whit Blake 0-0: Swinging Strike
0-1: Ball
1-1: Foul Ball, location: 25F
1-2: Ball
2-2: Fly out, F8 (Flyball, 78M, EV 79.4 MPH)
Batting: SHB Wilson Medina 0-0: Fly out, F9 (Flyball, 9D, EV 76.3 MPH)
Batting: RHB Raúl Quintero 0-0: Ball
1-0: Foul Ball, location: 9LDF
1-1: Ground out 6-3 (Groundball, 6, EV 105.0 MPH)
Bottom of the 7th over - 0 runs, 0 hits, 0 errors, 0 left on base; Hudson Valley 0 - Aberdeen 5
TOP OF THE 8TH
Hudson Valley Renegades batting - Pitching for Aberdeen Ironbirds : RHP Esteban Chacatas
Batting: RHB Luis Romero 0-0: Ground out U3 (Groundball, 3L, EV 105.0 MPH)
Batting: RHB Juan Flores 0-0: Ball
1-0: Ball
2-0: Ball
3-0: Called Strike
3-1: Called Strike
3-2: Base on Balls
Batting: RHB Donnie McIlzegowie 0-0: Called Strike
0-1: Foul Ball, location: 25F
0-2: Foul Ball, location: 2F
0-2: Ball
1-2: Grounds into double play, 6-4-3 (Groundball, 6, EV 106.9 MPH)
Top of the 8th over - 0 runs, 0 hits, 0 errors, 0 left on base; Hudson Valley 0 - Aberdeen 5
BOTTOM OF THE 8TH
Aberdeen Ironbirds batting - Pitching for Hudson Valley Renegades : RHP Alan Watkins
Batting: RHB Julius Green 0-0: Foul Ball, location: 2F
0-1: Foul Ball, location: 2F
0-2: Foul Ball, location: 7LMFF
0-2: Ball
1-2: Fly out, F9 (Flyball, 9LSF, EV 88.8 MPH)
Batting: RHB Ken Lynn 0-0: Fly out, F9 (Flyball, 89S, EV 87.5 MPH)
Batting: LHB Danny Bentley 0-0: Ball
1-0: Called Strike
1-1: Ball
2-1: Ball
3-1: Base on Balls
Pitching: RHP Jeff Ramos
Batting: RHB Terrence Steele 0-0: Foul Ball, location: 2F
0-1: Ball
1-1: Ball
Wild Pitch!
Danny Bentley to second
2-1: Ball
3-1: Ground out U3 (Groundball, 34, EV 89.4 MPH)
Bottom of the 8th over - 0 runs, 0 hits, 0 errors, 1 left on base; Hudson Valley 0 - Aberdeen 5
TOP OF THE 9TH
Hudson Valley Renegades batting - Pitching for Aberdeen Ironbirds : RHP Esteban Chacatas
Batting: RHB Gunder Lundgaard 0-0: Foul Ball, location: 2LF
0-1: Called Strike
0-2: Ball
1-2: Ball
2-2: Ball
3-2: Foul Ball, location: 2RF
3-2: Foul Ball, location: 23F
3-2: Base on Balls
Batting: RHB Steve McAllister 0-0: SINGLE (Groundball, 3D, EV 99.4 MPH)
Gunder Lundgaard to second
Pinch Hitting: LHB Danny Roberts 0-0: Ball
1-0: Ball
2-0: Called Strike
2-1: Ball
3-1: Base on Balls
Gunder Lundgaard to third
Steve McAllister to second
Batting: SHB Eric Powell 0-0: Foul Ball, location: 5F
0-1: Swinging Strike
0-2: Foul Ball, location: 23FF
0-2: Strikes out looking
Batting: RHB Tommy Lott 0-0: Ball
1-0: Ball
2-0: Foul Ball, location: 25F
2-1: Foul Ball, location: 5F
2-2: Strikes out swinging
Batting: LHB Alex Mata 0-0: Foul Ball, location: 25FF
0-1: Foul Ball, location: 3F
0-2: Strikes out swinging
Top of the 9th over - 0 runs, 1 hit, 0 errors, 3 left on base; Hudson Valley 0 - Aberdeen 5
Monday, April 1st , 2024 - OOTP Baseball 24.10 Build 82